 Dungeon Crawl Stone Soup version 0.21-a0-621-gc60411f (webtiles) character file.

137557 Lavandula the Summoner (level 16, -4/120 HPs)
             Began as a Mummy Chaos Knight on Dec 23, 2017.
             Slain by a vampire knight
             ... wielding a +0 war axe
              (12 damage)
             ... on level 15 of the Dungeon.
             The game lasted 03:01:50 (51690 turns).

Lavandula the Summoner (Mummy Chaos Knight)        Turns: 51690, Time: 03:01:51

Health: -4/120     AC: 20    Str: 21    XL:     16   Next: 69%
Magic:  0/30       EV: 15    Int: 15    God:    Xom [..*...]
Gold:   1917       SH:  7    Dex: 16    Spells: 1/35 levels left

rFire    . . .     SeeInvis +   B - +9 dagger (elec)
rCold    + . .     Gourm    .   d - +2 buckler
rNeg     + + +     Faith    .   R - +2 troll leather armour
rPois    ∞         Spirit   +   H - +0 helmet
rElec    .         Reflect  .   j - scarf {Spirit}
rCorr    .         Harm     .   U - +2 pair of gloves
MR       +++..                  V - +2 pair of boots {run}
Stlth    ++........             K - amulet "Titesa" {+Rage rF+ rN+ Dex+2 SInv}
HPRegen  0.70/turn              r - ring of see invisible
MPRegen  0.22/turn              v - ring of protection from magic

@: mighty, icy armour, silence
A: no food or potions, fire vulnerability, cold resistance 1, negative energy
resistance 3, torment resistance, unbreathing, in touch with death 1
a: Renounce Religion


You were on level 15 of the Dungeon.
You worshipped Xom.
You were a toy of Xom.
You were not hungry.

You visited 7 branches of the dungeon, and saw 33 of its levels.
You visited the Abyss 1 time.
You also visited: Labyrinth.

You collected 3682 gold pieces.
You spent 1765 gold pieces at shops.

Inventory:

Hand Weapons
 t - the +5 war axe "Febes" {venom, MR+ Int+2 SInv Stlth+}
   (You found it on level 5 of the Dungeon)

   It poisons the flesh of those it strikes.
   It affects your intelligence (+2).
   It affects your resistance to hostile enchantments.
   It lets you see invisible.
   It makes you more stealthy.
 B - a +9 dagger of electrocution (weapon)
 S - a +0 blowgun
 W - the +9 quarterstaff of Optimality {venom, rPois Stlth+}
   (You took it off a deep elf mage on level 1 of the Elven Halls)

   It poisons the flesh of those it strikes.
   It protects you from poison.
   It makes you more stealthy.
 Y - the +3 short sword of Peace {antimagic, +Fly MR+}
   (You took it off a deep elf mage on level 2 of the Elven Halls)

   It reduces the magical energy of the wielder, and disrupts the spells and
   magical abilities of those hit.
   Natural abilities and divine invocations are not affected.
   It affects your resistance to hostile enchantments.
   It lets you fly.
Missiles
 s - 5 javelins (quivered)
Armour
 d - a +2 buckler (worn)
 j - a scarf of spirit shield (worn)
 z - a +1 leather armour of fire resistance
 H - a +0 helmet (worn)
 R - a +2 troll leather armour (worn)
 U - a +2 pair of gloves (worn)
 V - a +2 pair of boots of running (worn)
Magical Staves
 c - an uncursed staff of air
 u - an uncursed staff of energy
 P - an uncursed staff of wizardry
Jewellery
 m - an uncursed ring of ice
 n - an uncursed ring of stealth
 r - a ring of see invisible (left hand)
 v - a ring of protection from magic (right hand)
 C - an uncursed ring of protection from cold
 K - the amulet "Titesa" (around neck) {+Rage rF+ rN+ Dex+2 SInv}
   (You found it in a labyrinth)

   [amulet of rage]

   It affects your dexterity (+2).
   It protects you from fire.
   It protects you from negative energy.
   It lets you see invisible.
   It lets you go berserk.
Wands
 i - a wand of flame (67)
 p - a wand of paralysis (18)
 x - a wand of random effects (121)
 A - a wand of polymorph (6)
 G - a wand of iceblast (8)
 I - a wand of scattershot (5)
Scrolls
 a - a scroll of amnesia
 b - 9 scrolls of identify
 e - 3 scrolls of torment
 f - a scroll of magic mapping
 h - 6 scrolls of teleportation
 l - 4 scrolls of remove curse
 o - 2 scrolls of immolation
 q - 6 scrolls of fog
 w - a scroll of blinking
 y - a scroll of summoning
 F - a scroll of holy word
 L - a scroll of fear
 X - a scroll of brand weapon
Books
 g - a book of Alchemy

   Spells                             Type                      Level
   a - Sublimation of Blood           Necromancy                   2
   b - Ignite Poison                  Fire/Transmutation/Poison    3
   c - Petrify                        Transmutation/Earth          4
   d - Alistair's Intoxication        Transmutation/Poison         5
   e - Irradiate                      Conjuration/Transmutation    5
 D - the Catalogue of Stolen Souls
   (You found it on level 1 of the Elven Halls)

   Spells                             Type                      Level
   a - Excruciating Wounds            Charms/Necromancy            5
   b - Dispel Undead                  Necromancy                   5
   c - Death Channel                  Necromancy                   6
 J - a book of Frost

   Spells                             Type                      Level
   a - Freeze                         Ice                          1
   b - Throw Frost                    Conjuration/Ice              2
   c - Ozocubu's Armour               Charms/Ice                   3
   d - Throw Icicle                   Conjuration/Ice              4
   e - Summon Ice Beast               Ice/Summoning                4
 T - a Fen Folio

   Spells                             Type                      Level
   a - Corpse Rot                     Necromancy                   2
   b - Stone Arrow                    Conjuration/Earth            3
   c - Leda's Liquefaction            Hexes/Earth                  4
   d - Summon Forest                  Summoning/Translocation      5
   e - Hydra Form                     Transmutation                6
   f - Summon Hydra                   Summoning                    7
Miscellaneous
 N - a lightning rod (4/4)
 Q - a crystal ball of energy


   Skills:
 - Level 9.0 Fighting
 - Level 9.5(9.9) Short Blades
   Level 3.9(7.3) Long Blades
 - Level 8.5 Axes
 - Level 3.8 Throwing
 - Level 3.4 Armour
 - Level 5.2 Dodging
 - Level 4.3 Stealth
 - Level 5.0 Shields
 - Level 10.1 Spellcasting
 - Level 4.0 Conjurations
 - Level 3.2 Charms
 + Level 14.0 Summonings
 - Level 4.9 Translocations
 - Level 3.0 Ice Magic
 - Level 4.7 Air Magic
 - Level 3.1 Poison Magic
 - Level 3.1 Evocations


You had one spell level left.
You knew the following spells:

 Your Spells              Type           Power        Failure   Level  Hunger
a - Blink                 Tloc           N/A          2%          2    N/A
b - Summon Hydra          Summ           #####.....   28%         7    N/A
c - Mephitic Cloud        Conj/Pois/Air  ###.....     6%          3    N/A
d - Conjure Flame         Conj/Fire      ##......     14%         3    N/A
e - Call Canine Familiar  Summ           #####...     1%          3    N/A
f - Summon Lightning Spi  Summ/Air       #####...     2%          4    N/A
g - Summon Forest         Summ/Tloc      #####.....   6%          5    N/A
h - Ozocubu's Armour      Chrm/Ice       ###.....     9%          3    N/A
i - Summon Ice Beast      Ice/Summ       ####....     3%          4    N/A

Dungeon Overview and Level Annotations

Branches:
Dungeon (15/15)            Temple (0/1) D:7            Lair (6/6) D:10
 Shoals (2/4) Lair:3        Snake (4/4) Lair:2        Slime (0/5) Lair:5
    Orc (2/2) D:9             Elf (3/3) Orc:2        Vaults (0/5) D:14
 Depths (1/5) D:15

Altars:
Ashenzari
Gozag
Hepliaklqana
Kikubaaqudgha
Nemelex Xobeh
Okawaru
Qazlal
Ru
Sif Muna
Trog
Uskayaw
Vehumet
Xom
Yredelemnul
The Shining One
Jiyva

Shops:
D:4 [   D:13 (   Orc:2 *[(   Elf:2 [

Portals:
Trove: Elf:3 (give 21 scrolls of identify)

Annotations:
D:8 Erica
D:10 exclusion: upstairs
D:12 aizul!
D:13 exclusions: orange crystal statue and upstairs
Snake:2 Nikola
Snake:3 exclusions: downstairs and 3 naga sharpshooters
Snake:4 Aizul
Elf:2 3 runed doors
Depths:1 Aviak's ghost, veteran NaTm


Innate Abilities, Weirdness & Mutations

You do not eat or drink.
Your flesh is vulnerable to fire.
You are immune to poison.
Your flesh is cold resistant. (rC+)
You are immune to negative energy. (rN+++)
You are immune to unholy pain and torment.
You can survive without breathing.
You are in touch with the powers of death.


Message History

Aim: a vampire knight, wielding a war axe and wearing a plate armour (silenced, heavily damaged, fast)
You create a blast of poison gas!
Xom smirks.
You detect creatures!
The vampire knight hits you but does no damage.
The vampire knight bites you but does no damage.
Unknown command.
The vampire knight drinks a potion.
The vampire knight is healed!
Unknown command.
Evoke which item? (* to show all) (? for menu, Esc to quit)
Aiming: Cloud Cone
Press: ? - help, Dir - move target cursor, f/p - vampire knight
Aim: a vampire knight, wielding a war axe and wearing a plate armour (silenced, lightly damaged, fast)
You create a blast of noxious fumes!
The now-empty wand crumbles to dust.
Space becomes stable.
The vampire knight hits you with a war axe!!
* * * LOW HITPOINT WARNING * * *
The vampire knight bites you!
You die...
Xom laughs nastily!

.................................
.........####....................
.........#..########.............
.....#####..##.§§§(##............
.....'.....##..§§§..##......<....
.....#.....#..##§##..#...........
##'###.....#..#§§§#).#......#####
....##..##.#..#.V.#[.#......#....
....##..##.#.[#.@.#..#......#....
##..##.....#..#####..#......#....
##..##.....##...[...##......#....
....##..##.###.....##....)..#....
....##..##.#####'########'###....
....'.........#....# #.........
....#.........'.)..#####.........
##..##.....##.#....##......#####.
.#..##.#########.###.........#...


You could see a vampire knight.

Vanquished Creatures
  Frances (D:14)
  2 orc warlords
  A deep elf elementalist (Elf:1)
  An emperor scorpion (Lair:2)
  Nessos (D:15)
  A deep elf demonologist (Elf:2)
  A deep elf death mage (Elf:1)
  A minotaur (Lab)
  Josephine (D:11)
  An ice dragon (D:11)
  3 hydras
  3 anacondas
  4 naga warriors
  A catoblepas (D:14)
  6 two-headed ogres
  An ogre mage (D:14)
  2 centaur warriors
  A merfolk aquamancer (Shoals:2)
  A tengu warrior (D:15)
  5 deep elf knights
  An orc high priest (Orc:2)
  4 naga sharpshooters (Snake:2)
  2 large abominations (Elf:1)
  2 unseen horrors
  5 sea snakes
  11 deep elf archers
  3 harpies
  A wizard (D:14)
  4 orc knights (Orc:2)
  A phantasmal warrior (D:15)
  27 deep elf magi
  4 orc sorcerers
  A worldbinder (Abyss:3)
  2 salamanders
  7 ugly things
  7 manticores
  2 cyclopes
  2 guardian serpents (Snake:1)
  5 centaur zombies
  12 elephants
  10 black mambas
  A merfolk siren (Shoals:2)
  A gargoyle (D:15)
  4 naga magi
  10 spiny frogs
  3 rime drakes
  A tengu conjurer (D:15)
  A harpy zombie (D:15)
  5 trolls
  3 polar bears (Lair:5)
  4 merfolk
  A hornet (D:12)
  A polar bear (shapeshifter) (D:14)
  A wind drake (Shoals:1)
  10 blink frogs
  8 dream sheep
  A harpy skeleton (D:14)
  A snapping turtle (Shoals:2)
  6 hippogriffs
  Grinder (D:5)
  A centaur simulacrum (D:12)
  2 wraiths
  A ynoxinul (Abyss:3)
  2 wyverns
  10 water elementals
  2 basilisks
  A human (shapeshifter) (D:10)
  36 yaks
  A hungry ghost (D:7)
  Menkaure (D:6)
  A soldier ant (D:13)
  4 wargs
  9 nagas
  An acid dragon (Snake:2)
  Duvessa (D:4)
  12 water moccasins
  6 porcupines
  3 black bears
  24 orc warriors
  2 sky beasts
  4 ice beasts
  2 phantoms (D:6)
  A necrophage (D:8)
  An eye of draining (D:12)
  5 boggarts (D:15)
  10 ogres
  A wolf (Lair:6)
  16 centaurs
  A big kobold (D:13)
  12 crocodiles
  Blork the orc (D:5)
  2 elf zombies (Elf:1)
  A wyvern zombie (D:14)
  13 bullfrogs
  Dowan (D:4)
  A scorpion (D:9)
  12 killer bees
  A spriggan skeleton (Lab)
  A howler monkey (D:2)
  7 wights
  A troll skeleton (Lab)
  4 electric eels (Lair:5)
  13 crimson imps
  7 centaur skeletons
  7 jellies
  9 hounds
  20 orc priests
  2 bullfrog skeletons
  2 iguanas
  Natasha (thrice) (D:2)
  21 orc wizards
  9 worker ants
  6 hound zombies
  A worker ant zombie (D:11)
  3 gnolls (D:5)
  7 adders
  A howler monkey skeleton (D:6)
  A river rat (D:12)
  6 shadow imps
  A white imp (Abyss:3)
  An adder zombie (D:5)
  3 worms
  4 leopard geckos
  81 orcs
  4 ball pythons
  4 giant cockroaches
  2 gnoll zombies (D:3)
  4 goblins
  3 hobgoblins
  17 jackals
  9 kobolds
  5 quokkas
  7 bats
  3 frilled lizards
  A quokka skeleton (D:5)
  13 rats
  7 bushes (Lair:4)
  4 fungi
  3 plants
726 creatures vanquished.

Vanquished Creatures (collateral kills)
  2 deep elf sorcerers
  A deep elf elementalist (Elf:3)
  A deep elf demonologist (Elf:3)
  A deep elf annihilator (Elf:1)
  A merfolk impaler (Shoals:2)
  3 naga warriors (Snake:2)
  An ice dragon (Snake:2)
  2 hydras
  An anaconda (Snake:3)
  A merfolk avatar (Shoals:2)
  A merfolk aquamancer (Shoals:2)
  2 two-headed ogres
  20 dancing weapons
  2 orc high priests (Orc:2)
  4 naga sharpshooters (Snake:3)
  A death yak (Lair:6)
  8 deep elf knights
  The ghost of Squigly the Spear-Bearer, a novice MiBe of Okawaru (D:6)
  A fire crab (Lair:6)
  A sea snake (Snake:2)
  A glowing orange brain (shapeshifter) (Lair:2)
  A deep elf archer (Elf:3)
  A phantasmal warrior (D:14)
  An orc knight (Orc:2)
  Pikel (D:4)
  5 harpies
  4 ugly things
  A cyclops (D:14)
  10 deep elf magi
  4 orc sorcerers
  2 salamanders
  2 elephants
  3 black mambas
  3 merfolk sirens
  A naga mage (Snake:2)
  A guardian serpent (Snake:2)
  4 spiny frogs
  A water nymph (Shoals:1)
  A gargoyle (D:15)
  A komodo dragon (Lair:4)
  3 merfolk
  A troll (D:11)
  A wind drake (Shoals:1)
  5 blink frogs
  A polar bear (Lair:5)
  6 snapping turtles
  5 dream sheep
  3 hippogriffs
  An air elemental (Elf:2)
  4 fire elementals
  5 water elementals
  2 wraiths (D:11)
  7 yaks
  10 nagas
  2 large abominations
  3 water moccasins
  7 orc warriors (Orc:2)
  An ice beast (D:7)
  An eye of draining (D:15)
  An ogre (D:15)
  2 centaurs (D:14)
  2 elf zombies (Elf:1)
  A crocodile (Lair:4)
  2 earth elementals
  A bullfrog (D:14)
  3 killer bees (D:11)
  A howler monkey (D:14)
  A crimson imp (D:5)
  3 orc priests (Orc:2)
  3 orc wizards
  3 adders (Snake:2)
  9 orcs
  A ball python (Snake:2)
204 creatures vanquished.

Vanquished Creatures (others)
  A deep elf annihilator (Elf:3)
  A torpor snail (Lair:4)
  A dream sheep (Lair:6)
  An air elemental (Elf:3)
  2 water elementals (Elf:2)
  A yak (Lair:6)
  3 slaves (D:4)
  A worker ant (D:4)
  An orc (Orc:2)
  A goblin (D:3)
  3 bushes
  8 fungi
  28 plants
  21 snaplasher vines
73 creatures vanquished.

Grand Total: 1003 creatures vanquished

Notes
Turn   | Place    | Note
-------+----------+-------------------------------------------
     0 | D:1      | Lavandula the Mummy Chaos Knight began the quest for the Orb.
     0 | D:1      | Reached XP level 1. HP: 18/18 MP: 1/1
   119 | D:1      | XOM: harmless Necr miscast
   220 | D:1      | Reached XP level 2. HP: 23/24 MP: 2/2
   457 | D:1      | XOM: harmless Fire miscast
   547 | D:1      | XOM: noise
   892 | D:2      | Noticed a howler monkey
   903 | D:2      | Killed a howler monkey
   903 | D:2      | Reached XP level 3. HP: 21/29 MP: 3/3
  1004 | D:2      | XOM: harmless Air miscast
  1250 | D:2      | Reached XP level 4. HP: 35/35 MP: 4/4
  1310 | D:2      | Noticed Natasha
  1397 | D:2      | Killed Natasha
  1397 | D:2      | Reached skill level 1 in Short Blades
  1416 | D:2      | Noticed Natasha
  1418 | D:2      | XOM: cast spell 'Leda's Liquefaction'
  1430 | D:2      | Killed Natasha
  1674 | D:2      | XOM: cloud trail
  1676 | D:2      | Found a bloodstained altar of Trog.
  1725 | D:2      | Noticed Natasha
  1733 | D:2      | Killed Natasha
  1733 | D:2      | Reached XP level 5. HP: 12/41 MP: 5/5
  2446 | D:3      | Found a basalt altar of Yredelemnul.
  2913 | D:4      | Noticed a slave
  2915 | D:4      | XOM: fake destruction
  2916 | D:4      | Noticed Pikel
  2916 | D:4      | Noticed a slave
  2916 | D:4      | Noticed a slave
  2931 | D:4      | Noticed a slave
  2936 | D:4      | XOM: summons friendly quasit
  3194 | D:4      | Found Ithi Aph's Armour Shop.
  3199 | D:4      | XOM: summons 2 hostile demons
  3200 | D:4      | Bought a cursed +0 pair of boots for 19 gold pieces
  3255 | D:3      | XOM: god gift: 840 gold pieces
  3267 | D:4      | XOM: enchant monster (good)
  3270 | D:4      | Found a radiant altar of Vehumet.
  3286 | D:4      | Killed Pikel
  3286 | D:4      | Reached skill level 5 in Short Blades
  3286 | D:4      | Reached XP level 6. HP: 31/47 MP: 3/6
  3389 | D:4      | Reached XP level 7. HP: 45/52 MP: 4/7
  3476 | D:4      | Noticed Dowan
  3477 | D:4      | Noticed Duvessa
  3531 | D:4      | Killed Dowan
  3553 | D:4      | Killed Duvessa
  3665 | D:4      | XOM: 3-stop teleportation journey
  3932 | D:4      | XOM: cloud trail
  3966 | D:5      | Entered Level 5 of the Dungeon
  4020 | D:5      | Got a shimmering war axe
  4045 | D:5      | XOM: confuse monster(s)
  4050 | D:4      | Identified the +5 war axe "Febes" {venom, MR+ Int+2 SInv Stlth+} (You found it on level 5 of the Dungeon)
  4051 | D:4      | Upgraded the game from 0.21-a0-618-g6cbd37f to 0.21-a0-621-gc60411f
  4153 | D:5      | Reached skill level 1 in Axes
  4170 | D:5      | XOM: god gift: book of Minor Magic
  4175 | D:5      | Learned a level 2 spell: Blink
  4178 | D:5      | Learned a level 2 spell: Call Imp
  4361 | D:5      | XOM: polymorph gnoll -> goblin
  4447 | D:5      | XOM: 6-stop teleportation journey
  4517 | D:5      | XOM: cast spell 'Call Canine Familiar'
  4524 | D:5      | Reached XP level 8. HP: 32/58 MP: 4/8
  4684 | D:5      | Found an opulent altar of Gozag.
  4843 | D:5      | XOM: divination: detect creatures
  4859 | D:5      | Noticed Blork the orc
  4876 | D:5      | Killed Blork the orc
  4914 | D:5      | Noticed Grinder
  4925 | D:5      | Killed Grinder
  4925 | D:5      | Reached skill level 5 in Axes
  5253 | D:6      | XOM: summons 1 hostile shadow creature
  5440 | D:6      | Noticed Menkaure
  5440 | D:6      | XOM: 3-stop teleportation journey
  5719 | D:6      | XOM: mild Chrm miscast
  5741 | D:6      | Noticed Squigly's ghost (novice MiBe)
  5742 | D:6      | XOM: summons friendly iron imp
  5747 | D:6      | XOM: enchant monster (bad)
  5756 | D:6      | XOM: divination: detect creatures
  5829 | D:7      | XOM: summons 2 friendly demons
  5834 | D:7      | Reached XP level 9. HP: 59/64 MP: 7/9
  5998 | D:6      | Reached skill level 1 in Evocations
  6054 | D:7      | Found a staircase to the Ecumenical Temple.
  6428 | D:7      | Noticed a hand axe
  6535 | D:7      | XOM: cloud trail
  6555 | D:7      | Noticed a dagger
  6558 | D:7      | Found a hide-covered altar of Uskayaw.
  6622 | D:7      | XOM: divination: detect items
  6658 | D:7      | Reached skill level 1 in Dodging
  6664 | D:7      | XOM: cast spell 'Call Canine Familiar'
  6737 | D:7      | XOM: divination: detect items
  6908 | D:8      | Found an ancient bone altar of Kikubaaqudgha.
  6961 | D:8      | Found a shattered altar of Ashenzari.
  6965 | D:8      | Found a hazy altar of Hepliaklqana.
  6965 | D:8      | Found a sparkling altar of Nemelex Xobeh.
  7274 | D:8      | XOM: mild Air miscast
  7423 | D:8      | XOM: silly message
  7428 | D:8      | Noticed Erica
  7434 | D:8      | Learned a level 3 spell: Mephitic Cloud
  7495 | D:8      | Got a polished leather armour
  7497 | D:8      | XOM: silly message
  7506 | D:8      | Identified the +2 leather armour "Toystral" {Stlth+} (You found it on level 8 of the Dungeon)
  7679 | D:8      | Reached XP level 10. HP: 54/70 MP: 8/12
  8011 | D:9      | Found a glowing golden altar of the Shining One.
  8148 | D:9      | XOM: god gift: 6 rations
  8206 | D:9      | Found a shimmering altar of Xom.
  8370 | D:9      | XOM: 1-stop teleportation journey
  8419 | D:9      | XOM: summons friendly quasit
  8521 | D:9      | Found a stormy altar of Qazlal.
  8522 | D:9      | Found a sacrificial altar of Ru.
  8523 | D:9      | Found an iron altar of Okawaru.
  8527 | D:9      | XOM: polymorph quasit -> shadow imp
  8589 | D:9      | Found a staircase to the Orcish Mines.
  8770 | D:9      | XOM: scenery: create altars
  8824 | D:10     | Entered Level 10 of the Dungeon
  8840 | D:10     | Found a staircase to the Lair.
  9082 | D:10     | XOM: summons 8 friendly demons
  9085 | D:10     | Reached skill level 1 in Throwing
  9151 | D:10     | Noticed a two-headed ogre
  9166 | D:10     | XOM: divination: detect creatures
  9259 | D:9      | XOM: scenery: create altars
  9318 | D:10     | XOM: summons 2 friendly demons
  9322 | D:10     | Killed a two-headed ogre
  9329 | D:10     | XOM: polymorph shadow imp -> white imp
  9734 | D:10     | XOM: god gift: scroll labeled NAEHAH ETATZU {god gift}
  9813 | D:11     | Reached skill level 1 in Spellcasting
  9834 | D:11     | XOM: 2-stop teleportation journey
  9880 | D:11     | Noticed a six-headed hydra
  9906 | D:11     | XOM: cleaving
  9911 | D:11     | XOM: smoke on damage
  9915 | D:11     | Reached skill level 1 in Translocations
 10142 | D:11     | XOM is BORED!
 10142 | D:11     | XOM: medium Summ miscast
 10186 | D:11     | Noticed an ice dragon
 10186 | D:11     | a six-headed hydra changed into an ice dragon
 10190 | D:11     | XOM: harmless Fire miscast
 10192 | D:11     | XOM: polymorph small abomination -> vampire mosquito
 10200 | D:11     | XOM: noise
 10485 | D:11     | XOM: medium Erth miscast
 10491 | D:11     | Noticed a cyclops
 10551 | D:10     | XOM: medium Tloc miscast
 10798 | D:11     | XOM: mild Hex miscast
 11037 | D:11     | XOM: divination: detect creatures
 11175 | D:11     | Found a sparkling altar of Nemelex Xobeh.
 11224 | D:11     | Noticed an unseen horror
 11230 | D:11     | XOM: harmless Summ miscast
 11235 | D:11     | Killed an unseen horror
 11451 | D:11     | Killed a cyclops
 11451 | D:11     | Reached skill level 1 in Summonings
 11571 | D:11     | XOM: harmless Erth miscast
 11619 | D:11     | Learned a level 3 spell: Conjure Flame
 11693 | D:11     | XOM: cast spell 'Olgreb's Toxic Radiance'
 11772 | D:11     | XOM: mild Erth miscast
 11937 | D:11     | XOM: god gift: encrusted glass wand {god gift}
 11996 | D:12     | XOM: summons 7 friendly demons
 12001 | D:12     | Reached skill level 2 in Summonings
 12001 | D:12     | Reached XP level 11. HP: 61/75 MP: 10/13
 12006 | D:12     | Learned a level 3 spell: Call Canine Familiar
 12039 | D:12     | XOM: smoke on damage
 12116 | D:12     | XOM: polymorph killer bee -> river rat
 12130 | D:12     | Reached skill level 1 in Conjurations
 12142 | D:12     | Reached skill level 1 in Air Magic
 12142 | D:12     | Reached skill level 1 in Poison Magic
 12319 | D:12     | Noticed a deep elf mage
 12333 | D:12     | Killed a deep elf mage
 12437 | D:12     | XOM: mild Hex miscast
 12574 | D:12     | Noticed an unseen horror
 12589 | D:12     | Killed an unseen horror
 12828 | D:12     | XOM: enchant monster (bad)
 12967 | D:12     | XOM: summons 2 hostile shadow creatures
 12981 | D:12     | XOM: harmless Erth miscast
 13197 | D:13     | Noticed an orange crystal statue
 13199 | D:13     | Noticed a centaur warrior
 13281 | D:13     | XOM: blink monster(s)
 13284 | D:13     | XOM: swap monsters
 13291 | D:13     | XOM: summons 1 hostile demon
 13328 | D:13     | XOM: polymorph wyvern -> soldier ant
 13329 | D:13     | XOM: divination: magic mapping
 13529 | D:13     | Found Susaos's Weapon Shop.
 13741 | D:13     | XOM: swap monsters
 13751 | D:13     | XOM: swap monsters
 13840 | D:13     | XOM: harmless Fire miscast
 13934 | D:13     | XOM: medium Tmut miscast
 13954 | D:13     | XOM: harmless Tmut miscast
 13989 | D:13     | XOM: medium Necr miscast
 14005 | D:13     | Noticed a green ugly thing
 14015 | D:13     | XOM: enchant monster (bad)
 14023 | D:13     | Killed a green ugly thing
 14221 | D:13     | XOM: enchant monster (bad)
 14406 | D:14     | Noticed Frances
 14406 | D:14     | XOM: confuse monster(s)
 14500 | D:11     | XOM: harmless Conj miscast
 14644 | Lair:1   | Entered Level 1 of the Lair of Beasts
 14651 | Lair:1   | XOM: summons friendly iron imp
 14654 | D:10     | XOM: god gift: scroll of teleportation
 14751 | Lair:1   | XOM: polymorph yak -> spiny frog
 14760 | D:10     | XOM: confusion (+ monsters)
 14797 | D:10     | XOM: harmless Necr miscast
 15215 | Lair:1   | Reached skill level 3 in Summonings
 15313 | Lair:1   | XOM: 2-stop teleportation journey
 15497 | Lair:1   | XOM: confuse monster(s)
 15507 | Lair:1   | Reached skill level 4 in Summonings
 15592 | Lair:1   | XOM: scenery: create altars
 15857 | Lair:1   | Found a stormy altar of Qazlal.
 15981 | Lair:1   | XOM: summons friendly hellwing
 15997 | Lair:1   | Reached XP level 12. HP: 28/81 MP: 7/18
 16089 | Lair:1   | XOM: scenery: create altars
 16280 | Lair:1   | Reached skill level 5 in Summonings
 16376 | Lair:1   | XOM: summons 2 hostile demons
 16424 | Lair:1   | Learned a level 4 spell: Summon Lightning Spire
 16436 | Lair:2   | XOM: noise
 16529 | Lair:2   | Found a labyrinth entrance.
 16540 | Lab      | Entered a labyrinth
 16615 | Lab      | XOM: summons 5 hostile demons
 16964 | Lab      | XOM: harmless Conj miscast
 17093 | Lab      | Noticed a minotaur
 17102 | Lab      | Killed a minotaur
 17110 | Lab      | Got a clouded ivory amulet
 17111 | Lab      | Got a pitted hunting sling
 17112 | Lab      | Identified the amulet "Titesa" {+Rage rF+ rN+ Dex+2 SInv} (You found it in a labyrinth)
 17228 | Lair:2   | XOM: 1-stop teleportation journey
 17229 | Lair:2   | XOM: polymorph crocodile -> human
 17236 | Lair:2   | XOM: blink monster(s)
 17240 | Lair:1   | XOM: blink monster(s)
 17283 | Lair:1   | Identified the +7 hunting sling "Suisill" {velocity, *Drain rC+ rN+ MR+} (You found it in a labyrinth)
 17502 | Lair:2   | Found a staircase to the Snake Pit.
 17521 | Lair:2   | Reached skill level 6 in Summonings
 17793 | Lair:2   | XOM: enchant monster (bad)
 17797 | Lair:2   | XOM: polymorph soul eater -> sixfirhy
 17800 | Lair:2   | XOM: summons 2 hostile shadow creatures
 18029 | Lair:2   | XOM: 1-stop teleportation journey
 18031 | Lair:2   | XOM: cleaving
 18126 | Lair:2   | XOM: summons 1 hostile shadow creature
 18136 | Lair:2   | XOM: 1-stop teleportation journey
 18432 | Lair:2   | XOM: enchant monster (bad)
 18946 | Lair:2   | XOM: god gift: wand of enslavement (7)
 18969 | Lair:2   | XOM: mild Tmut miscast
 19073 | Lair:2   | XOM: blink monster(s)
 19253 | Lair:2   | XOM: summons 6 hostile demons
 19514 | Lair:3   | Noticed a catoblepas
 19528 | Lair:2   | Noticed an emperor scorpion
 19528 | Lair:2   | a catoblepas changed into an emperor scorpion
 19528 | Lair:2   | XOM: polymorph catoblepas -> emperor scorpion
 19538 | Lair:2   | Killed an emperor scorpion
 19538 | Lair:2   | Reached skill level 7 in Summonings
 19645 | Lair:3   | Found a staircase to the Shoals.
 19650 | Lair:3   | XOM: smoke on damage
 19652 | Lair:3   | XOM: medium Necr miscast
 20210 | Lair:3   | Noticed an eight-headed hydra
 20213 | Lair:3   | XOM: noise
 20217 | Lair:3   | XOM: confusion
 20219 | Lair:3   | XOM: divination: detect creatures
 20228 | Lair:3   | Killed an eight-headed hydra
 20598 | Lair:3   | XOM: divination: detect creatures
 20950 | Lair:3   | Noticed a four-headed hydra
 20953 | Lair:3   | XOM: summons 1 hostile demon
 20955 | Lair:3   | XOM: confuse monster(s)
 20960 | Lair:3   | Killed a four-headed hydra
 20960 | Lair:3   | Reached skill level 5 in Fighting
 21304 | Lair:3   | XOM: medium Summ miscast
 21398 | Lair:3   | XOM: mild Hex miscast
 21609 | Lair:3   | XOM: blink monster(s)
 21660 | Lair:3   | XOM: harmless Fire miscast
 21974 | Lair:4   | XOM: divine lightning
 22064 | Lair:4   | XOM: harmless Erth miscast
 22246 | Lair:4   | XOM: swap monsters
 22354 | Lair:4   | XOM: summons 1 hostile shadow creature
 22581 | Lair:4   | Gained mutation: You are in touch with the powers of death. [Mummy growth]
 22581 | Lair:4   | Reached XP level 13. HP: 77/96 MP: 13/19
 22729 | Lair:4   | XOM: 3-stop teleportation journey
 22800 | Lair:4   | Identified the +0 ring mail "Wammoc" {rPois rC- Regen+ SInv} (You found it on level 4 of the Lair of Beasts)
 22807 | Lair:4   | XOM: stat loss: -1 Str (15/16)
 22935 | Lair:4   | XOM: medium Necr miscast
 23365 | Lair:4   | XOM: summons 3 hostile demons
 23473 | Lair:4   | XOM: cloud trail
 23749 | Lair:5   | XOM: summons friendly white imp
 23828 | Lair:5   | Found a viscous altar of Jiyva.
 23828 | Lair:5   | Found a staircase to the Slime Pits.
 23831 | Lair:5   | XOM: fog
 23920 | Lair:5   | XOM: cast spell 'Chain of Chaos'
 23924 | Lair:5   | XOM: cleaving
 24263 | Lair:5   | XOM: harmless Tmut miscast
 24905 | Lair:5   | XOM: mild Chrm miscast
 25055 | Lair:5   | XOM: 1-stop teleportation journey
 25628 | Lair:5   | XOM: scenery: create altars
 25787 | Lair:5   | XOM: cloud trail
 25832 | Lair:5   | Reached skill level 5 in Dodging
 26062 | Lair:6   | Entered Level 6 of the Lair of Beasts
 26101 | Lair:6   | XOM: fake destruction
 26168 | Lair:5   | XOM: divination: detect creatures
 26317 | Lair:6   | XOM: summons 13 friendly demons
 26447 | Lair:6   | XOM: enchant monster (good)
 26595 | Lair:6   | XOM: summons friendly ufetubus
 27045 | Lair:6   | XOM: polymorph komodo dragon -> fire crab
 27054 | Lair:6   | XOM: scenery: create altars
 27145 | Lair:6   | XOM: polymorph dream sheep -> cyclops
 27478 | Lair:6   | XOM: harmless Ice miscast
 27543 | Lair:6   | XOM: severe Conj miscast
 27583 | Lair:6   | XOM: divination: detect creatures
 27590 | Lair:6   | Noticed a ghost moth
 27590 | Lair:6   | a death yak changed into a ghost moth
 27590 | Lair:6   | XOM: polymorph death yak -> ghost moth
 27732 | Lair:6   | XOM: mild Tmut miscast
 27931 | Lair:6   | XOM: divination: magic mapping
 28048 | Lair:2   | XOM: summons 6 hostile demons
 28256 | D:10     | XOM: harmless Pois miscast
 28300 | Orc:1    | Entered Level 1 of the Orcish Mines
 28403 | Orc:1    | Noticed an orc warlord
 28407 | Orc:1    | Reached skill level 5 in Spellcasting
 28420 | Orc:1    | XOM: blink monster(s)
 28427 | Orc:1    | XOM: confuse monster(s)
 28431 | Orc:1    | XOM: confuse monster(s)
 28435 | Orc:1    | XOM: scenery: create altars
 28441 | Orc:1    | Killed an orc warlord
 28493 | Orc:1    | XOM: smoke on damage
 28720 | Orc:1    | XOM: god gift: thick smoking staff {god gift}
 28809 | Orc:1    | Reached skill level 1 in Stealth
 29157 | Orc:1    | XOM: harmless Summ miscast
 29384 | Orc:2    | Entered Level 2 of the Orcish Mines
 29519 | Orc:2    | XOM: harmless Fire miscast
 29582 | Orc:2    | XOM: destruction
 29634 | Orc:2    | XOM: harmless Tmut miscast
 29677 | Orc:2    | Found a staircase to the Elven Halls.
 29939 | Orc:2    | XOM: god gift: scroll of enchant weapon
 30048 | Orc:2    | XOM: cleaving
 30049 | Orc:2    | XOM: cast spell 'Leda's Liquefaction'
 30056 | Orc:2    | XOM: enchant monster (good)
 30063 | Orc:2    | XOM: cleaving
 30064 | Orc:2    | XOM: 2-stop teleportation journey
 30118 | Orc:2    | XOM: cloud trail
 30144 | Orc:2    | Reached XP level 14. HP: 81/106 MP: 14/23
 30226 | Orc:2    | XOM: noise
 30248 | Orc:2    | XOM: harmless Chrm miscast
 30259 | Orc:2    | XOM: enchant monster (bad)
 30279 | Orc:2    | Noticed an orc warlord
 30312 | Orc:2    | XOM: noise
 30313 | Orc:2    | XOM: scenery: create altars
 30459 | Orc:2    | Killed an orc warlord
 30603 | Orc:2    | XOM: god gift: 31 gold pieces
 30753 | Orc:2    | XOM: fog
 30770 | Orc:2    | XOM: divine lightning
 30968 | Orc:2    | XOM: 5-stop teleportation journey
 31161 | Orc:2    | XOM: confuse monster(s)
 31180 | Orc:2    | XOM: mild Conj miscast
 31491 | Orc:2    | XOM: summons 7 hostile demons
 31562 | Orc:2    | XOM: harmless Tmut miscast
 31613 | Orc:2    | XOM: divination: detect items
 31736 | Orc:2    | Found Moezag's General Store.
 31737 | Orc:2    | Found Gootakk's Jewellery Shoppe.
 31738 | Orc:2    | Found Zaoker's Antique Armour Emporium.
 31738 | Orc:2    | Found Woikliuk's Antique Weapon Emporium.
 31752 | Orc:2    | Bought a Fen Folio for 900 gold pieces
 31752 | Orc:2    | Bought a wand of paralysis (7) for 108 gold pieces
 31762 | Orc:2    | Bought a pair of runed gloves for 195 gold pieces
 31762 | Orc:2    | Bought a pair of runed boots for 195 gold pieces
 31772 | Orc:2    | Identified a +2 pair of boots of running (You bought it in a shop on level 2 of the Orcish Mines)
 31785 | Orc:2    | Bought a runed battleaxe for 218 gold pieces
 31787 | Orc:2    | Bought a dyed leather armour for 130 gold pieces
 31827 | Orc:2    | Learned a level 5 spell: Summon Forest
 32057 | D:6      | Killed Squigly's ghost
 32137 | D:6      | XOM: summons 4 hostile shadow creatures
 32395 | D:6      | Killed Menkaure
 32456 | D:6      | XOM: harmless Pois miscast
 32540 | D:7      | XOM: summons 1 hostile demon
 32655 | Shoals:1 | XOM: noise
 32655 | Shoals:1 | Entered Level 1 of the Shoals
 32661 | Shoals:1 | XOM: chaos upgrade
 32705 | Lair:3   | XOM: mild Chrm miscast
 32855 | Shoals:1 | XOM: blink monster(s)
 32861 | Shoals:1 | XOM: smoke on damage
 33314 | Shoals:1 | XOM: smoke on damage
 33317 | Shoals:1 | Reached skill level 8 in Summonings
 33616 | Shoals:1 | XOM: 2-stop teleportation journey
 33828 | Shoals:1 | XOM: stat loss: -1 Str (15/16)
 34467 | Shoals:1 | XOM: medium Necr miscast
 34696 | Shoals:2 | XOM: confusion
 34780 | Shoals:2 | Reached skill level 1 in Shields
 34805 | Shoals:2 | XOM: confusion
 34822 | Shoals:2 | XOM: noise
 35085 | Shoals:2 | XOM: harmless Pois miscast
 35296 | Shoals:2 | XOM: divination: magic mapping
 35432 | Shoals:2 | XOM: 2-stop teleportation journey
 35677 | Shoals:2 | XOM: confusion (+ monsters)
 35980 | Shoals:2 | XOM: summons 6 friendly demons
 36186 | Shoals:1 | XOM: 2-stop teleportation journey
 36293 | Shoals:2 | XOM: blink monster(s)
 36576 | Shoals:2 | XOM: 2-stop teleportation journey
 36577 | Shoals:2 | XOM: noise
 36581 | Shoals:2 | XOM: enchant monster (good)
 36715 | Shoals:2 | XOM: harmless Ice miscast
 36735 | Shoals:2 | XOM: 1-stop teleportation journey
 36753 | Shoals:2 | XOM: 1-stop teleportation journey
 36775 | Shoals:2 | Reached skill level 5 in Shields
 36927 | Shoals:2 | Identified the +7 war axe "Lybuec" {chop, rN+ Dex+5 SInv} (You found it on level 2 of the Shoals)
 36979 | Shoals:2 | XOM: repel stairs
 36989 | Shoals:2 | XOM: silly message
 37389 | Snake:1  | Entered Level 1 of the Snake Pit
 37456 | Snake:1  | XOM: scenery: 2 doors open
 37688 | Snake:1  | XOM: summons 4 hostile shadow creatures
 37842 | Snake:1  | XOM: noise
 37843 | Snake:1  | XOM: smoke on damage
 37943 | Snake:1  | XOM: harmless Summ miscast
 38127 | Snake:1  | Reached skill level 9 in Summonings
 38221 | Snake:1  | XOM: 4-stop teleportation journey
 38485 | Snake:1  | XOM: stat loss: -1 Str (15/16)
 38749 | Snake:2  | XOM: harmless Chrm miscast
 38822 | Snake:2  | XOM: medium Hex miscast
 38863 | Snake:2  | XOM: silly message
 38870 | Snake:2  | XOM: polymorph anaconda -> ice dragon
 38882 | Snake:2  | XOM: severe Summ miscast
 38884 | Snake:2  | XOM: confusion
 38886 | Snake:2  | XOM: noise
 38893 | Snake:2  | XOM: confusion
 39230 | Snake:2  | XOM: noise
 39425 | Snake:2  | XOM: chaos upgrade
 39426 | Snake:2  | XOM: polymorph water moccasin -> acid dragon
 39429 | Snake:2  | XOM: enchant monster (bad)
 39644 | Snake:2  | XOM: silly message
 39647 | Snake:2  | XOM: summons friendly quasit
 39950 | Snake:2  | XOM: cast spell 'Summon Hydra'
 39965 | Snake:2  | XOM: noise
 39987 | Snake:2  | Reached XP level 15. HP: 28/113 MP: 5/24
 40162 | Snake:2  | XOM: enchant monster (good)
 40170 | Snake:2  | Reached skill level 10 in Summonings
 40310 | Snake:2  | XOM: swap monsters
 40314 | Snake:2  | XOM: summons 7 hostile demons
 40492 | Snake:2  | XOM: stat loss: -1 Str (15/16)
 40547 | Snake:2  | XOM: medium Fire miscast
 40550 | Snake:2  | XOM: divination: detect creatures
 40567 | Snake:2  | XOM: confusion
 40584 | Snake:2  | XOM: potion effect (curing)
 40588 | Snake:1  | XOM: swap monsters
 40978 | Snake:2  | XOM: god gift: viscous green potion {god gift}
 41052 | Snake:2  | Noticed Nikola
 41234 | Snake:3  | XOM: confusion
 41436 | Snake:3  | XOM: polymorph dryad -> acid dragon
 42366 | Snake:3  | Reached skill level 11 in Summonings
 42636 | Snake:3  | XOM: medium Erth miscast
 42758 | Snake:4  | Entered Level 4 of the Snake Pit
 42758 | Snake:4  | Noticed Aizul
 43054 | D:11     | Noticed Josephine
 43061 | D:11     | Killed Josephine
 43163 | D:11     | XOM: god gift: ration
 43214 | D:11     | XOM: summons 7 hostile demons
 43550 | D:14     | XOM: blink monster(s)
 43573 | D:14     | XOM: cast spell 'Summon Mana Viper'
 43619 | D:14     | XOM: cast spell 'Discord'
 43627 | D:14     | XOM: enchant monster (good)
 43635 | D:14     | XOM: potion effect (magic)
 43647 | D:14     | XOM: silly message
 43804 | D:14     | XOM: potion effect (agility)
 43818 | D:14     | Learned a level 3 spell: Ozocubu's Armour
 43859 | D:14     | Found a gate to the Vaults.
 43882 | D:14     | Reached skill level 1 in Charms
 43882 | D:14     | Reached skill level 1 in Ice Magic
 43946 | D:14     | XOM: silly message
 44021 | D:14     | XOM: silly message
 44156 | D:14     | XOM: potion effect (haste)
 44189 | D:14     | Killed Frances
 44412 | D:15     | Entered Level 15 of the Dungeon
 44443 | D:15     | Noticed Nessos
 44484 | D:14     | XOM: noise
 44569 | D:15     | XOM: medium Fire miscast
 44687 | D:15     | XOM: enchant monster (good)
 44741 | D:15     | XOM: 3-stop teleportation journey
 44857 | D:15     | Killed Nessos
 44868 | D:15     | XOM: fake destruction
 45240 | D:15     | XOM: polymorph ogre mage -> lindwurm
 45251 | D:15     | Reached skill level 12 in Summonings
 45301 | D:15     | XOM: 4-stop teleportation journey
 45424 | D:15     | XOM: potion effect (might)
 45463 | D:14     | XOM: scenery: create altars
 45557 | D:14     | XOM: god gift: robe {god gift}
 45809 | D:15     | Found a staircase to the Depths.
 45872 | D:15     | XOM: fog
 46017 | D:15     | XOM: scenery: 2 doors close
 46148 | D:15     | XOM: god gift: mace {god gift}
 46268 | D:11     | XOM: polymorph dryad -> eye of draining
 46425 | Elf:1    | Entered Level 1 of the Elven Halls
 46493 | Elf:1    | XOM: chaos cloud
 46763 | Elf:1    | XOM: swap monsters
 46838 | Orc:2    | Learned a level 7 spell: Summon Hydra
 46882 | Elf:1    | XOM: blink monster(s)
 47081 | Elf:1    | XOM: summons 2 hostile demons
 47221 | Elf:1    | Reached XP level 16. HP: 120/120 MP: 25/28
 47274 | Elf:1    | XOM: confusion
 47357 | Elf:1    | XOM: summons 8 hostile demons
 47476 | Elf:1    | XOM: harmless Summ miscast
 47492 | Elf:1    | Found a deep blue altar of Sif Muna.
 47634 | Elf:1    | XOM: medium Chrm miscast
 47678 | Elf:1    | XOM: blink monster(s)
 47681 | Elf:1    | XOM: smoke on damage
 47737 | Elf:1    | XOM: harmless Chrm miscast
 47800 | Elf:1    | XOM: polymorph dryad -> tarantella
 47964 | Orc:2    | XOM: summons 4 hostile shadow creatures
 48097 | Elf:1    | XOM: 6-stop teleportation journey
 48215 | Elf:1    | Found a deep blue altar of Sif Muna.
 48234 | Elf:1    | Cast into level 3 of the Abyss (miscasting Summon Hydra)
 48285 | Abyss:3  | XOM: divination: detect creatures
 48297 | Abyss:3  | Noticed a tentacled starspawn
 48332 | Elf:1    | Escaped the Abyss
 48368 | Elf:1    | XOM: polymorph four-headed hydra -> green draconian
 48548 | Elf:1    | XOM: scenery: create altars
 48676 | Elf:1    | Reached skill level 13 in Summonings
 48885 | Elf:1    | Identified the Catalogue of Stolen Souls
 48977 | Elf:1    | Got a warped quarterstaff {venom}
 49019 | Elf:1    | XOM: scenery: 1 doors close
 49082 | Elf:1    | XOM: 5-stop teleportation journey
 49181 | Elf:2    | Found Hyph's Armour Shoppe.
 49182 | Elf:2    | XOM: summons 7 friendly demons
 49204 | Elf:2    | XOM: polymorph iron imp -> quasit
 49283 | Elf:2    | XOM: cleaving
 49374 | Elf:2    | Learned a level 4 spell: Summon Ice Beast
 49433 | Elf:2    | XOM: confusion (+ monsters)
 49437 | Elf:2    | XOM: medium Necr miscast
 49440 | Elf:2    | XOM: summons 4 friendly demons
 49443 | Elf:2    | XOM: harmless Chrm miscast
 49444 | Elf:2    | XOM: harmless Chrm miscast
 49635 | Elf:1    | Identified the +9 quarterstaff of Optimality {venom, rPois Stlth+} (You took it off a deep elf mage on level 1 of the Elven Halls)
 49733 | Elf:2    | Reached skill level 10 in Spellcasting
 49741 | Elf:2    | XOM: polymorph four-headed hydra -> great orb of eyes
 49770 | Elf:2    | XOM: confusion
 49977 | Elf:1    | XOM: harmless Summ miscast
 50047 | Elf:2    | XOM: noise
 50048 | Elf:2    | XOM: polymorph ice beast -> worm
 50147 | Elf:2    | XOM: mild Fire miscast
 50192 | Elf:2    | XOM: mild Ice miscast
 50206 | Elf:2    | XOM: blink monster(s)
 50329 | Elf:2    | XOM: enchant monster (good)
 50465 | Elf:2    | Found a runed gate.
 50465 | Elf:2    | Found a runed gate.
 50465 | Elf:2    | Found a runed gate.
 50535 | Elf:3    | Entered Level 3 of the Elven Halls
 50559 | Elf:3    | XOM: scenery: create altars
 50630 | Elf:3    | XOM: scenery: create altars
 50754 | Elf:2    | XOM: god gift: 23 gold pieces
 50826 | Elf:3    | XOM: potion effect (agility)
 50846 | Elf:3    | XOM: potion effect (agility)
 50898 | Elf:3    | XOM: potion effect (haste)
 50903 | Elf:3    | XOM: potion effect (haste)
 50963 | Elf:3    | Found a portal to a secret trove of treasure.
 50979 | Elf:3    | XOM: silly message
 50994 | Elf:2    | Got a crude short sword {antimagic}
 50995 | Elf:2    | Identified the cursed +3 short sword of Peace {antimagic, +Fly MR+} (You took it off a deep elf mage on level 2 of the Elven Halls)
 51093 | Elf:3    | XOM: swap monsters
 51276 | Elf:3    | XOM: 1-stop teleportation journey
 51289 | Elf:3    | XOM: silly message
 51292 | Elf:3    | Reached skill level 14 in Summonings
 51352 | Elf:3    | XOM: summons 5 hostile demons
 51663 | Depths:1 | Entered Level 1 of the Depths
 51663 | Depths:1 | Noticed Aviak's ghost (veteran NaTm)
 51671 | Depths:1 | XOM: fog
 51682 | D:15     | XOM: potion effect (might)
 51688 | D:15     | XOM: divination: detect creatures
 51690 | D:15     | Slain by a vampire knight

Vault maps used:
D:1:      shiori_shiawase
D:2:      bloody_trog, first_ration, uniq_natasha
D:3:      lemuel_zombie_altar_yredelemnul
D:4:      vehumet_crystals, serial_shops, shop, minmay_gold_behind_fungi,
          uniq_duvessa, uniq_pikel
D:5:      lemuel_doored_altar, uniq_grinder, uniq_blork_the_orc
D:6:      uniq_menkaure
D:7:      dancing_weapons_uskayaw, minmay_temple_entry_statues
D:8:      gammafunk_temple_overflow_forgotten, basic_altar, uniq_erica
D:9:      cheibrodos_iron_armory, nicolae_tso_swordbearing_angel, minitemple,
          kennysheep_little_box, hiddenorc1_lemuel
D:10:     lair_entry_dummy, hangedman_fish_farm
D:11:     basic_altar, uniq_josephine
D:12:     uniq_azrael
D:13:     serial_shops, nicolae_shop_stone, minivault_16
D:14:     david_vaults_2, minmay_misc_feat_cross, uniq_frances
D:15:     grunt_enter_depths_magical_seal, hangedman_decor_lopped, uniq_nessos
Lair:1:   small_statue_intersection, lemuel_centaur_altar
Lair:2:   guppyfry_snake_entry_island, lab_entry_generic
Lair:3:   minmay_shoals_entry_centaurs
Lair:4:   minmay_hedge_maze
Lair:5:   slime_altar_1, st_stairs_11, beast_lair_carwin_3, serial_bayou_shore_a
Lair:6:   hangedman_lair_in_review, hangedman_lair_caniforms_friends,
          serial_bayou_pond_d
Shoals:1: nicolae_shoals_water_elemental_grotto
Shoals:2: nicolae_shoals_this_corrosion
Snake:1:  serial_bayou_shore_b, serial_bayou_shore_b
Snake:2:  serial_curves, eino_curves_02, eino_curves_01, nicolae_snake_springs,
          grunt_megastairs_3, uniq_nikola
Snake:3:  statue_in_the_mist_lemuel, spider_trap
Snake:4:  snake_pit, uniq_aizul
Orc:1:    guppyfry_library_mini
Orc:2:    st_orc_congregation
Elf:1:    eino_elf_arrival_the_gate, minmay_elf_necromancy,
          hangedman_feature_mirror, billiards_dpeg
Elf:2:    serial_shops, shop, serial_sigils_hangedman_carve
Elf:3:    minmay_elf_hall_four_x, enter_trove_3, serial_shops, shop,
          spider_trap, minmay_the_grid_square_5x5_3x3_mashed,
          basic_stair_grate_trap
Depths:1: hex_medium, grunt_mini_vestibule, spider_trap, tgw_xom
Abyss:3:  nicolae_abyss_rune_left_handed
Lab:      nicolae_lab_swirl, nicolae_lab_do_over, nicolae_lab_big_swirl,
          nicolae_lab_t_cross

Skill      XL: |  1  2  3  4  5  6  7  8  9 10 11 12 13 14 15 16 |
---------------+-------------------------------------------------+-----
Long Blades    | 3 |  3.9
Short Blades   | 2 5 6 7 9 |  9.5
Axes           | 3 7 8 |  8.5
Evocations     | 3 |  3.1
Dodging        | 3 5 |  5.2
Throwing       | 3 |  3.8
Spellcasting   | 1 4 6 8 10 | 10.1
Translocations | 4 |  4.9
Summonings     | 2 4 7 9 12 14 | 14.0
Conjurations   | 4 |  4.0
Air Magic      | 3 4 |  4.7
Poison Magic   | 3 |  3.1
Fighting       | 7 8 9 |  9.0
Stealth        | 3 4 |  4.3
Armour         | 3 |  3.4
Shields        | 5 |  5.0
Charms         | 3 |  3.2
Ice Magic      | 3 |  3.0

Action                   |  1- 3 |  4- 6 |  7- 9 | 10-12 | 13-15 | 16-18 || total
-------------------------+-------+-------+-------+-------+-------+-------++-------
Melee: Falchion          |    68 |   120 |    13 |       |       |       ||   201
       War axe           |       |       |   315 |   734 |   553 |       ||  1602
       Short sword       |       |       |    34 |       |       |       ||    34
       Dagger            |       |       |       |    13 |   826 |   279 ||  1118
       Staff             |       |       |       |       |     3 |    15 ||    18
Throw: Javelin           |       |       |    12 |    55 |    33 |       ||   100
       Throwing net      |       |       |       |     1 |     2 |     1 ||     4
 Cast: Blink             |       |       |       |    15 |    30 |    14 ||    59
       Call Imp          |       |       |       |     8 |       |       ||     8
       Conjure Flame     |       |       |       |     1 |     6 |       ||     7
       Call Canine Famil |       |       |       |    24 |    32 |     1 ||    57
       Mephitic Cloud    |       |       |       |     8 |    93 |    30 ||   131
       Summon Lightning  |       |       |       |    17 |    95 |     1 ||   113
       Summon Forest     |       |       |       |       |    80 |     8 ||    88
       Ozocubu's Armour  |       |       |       |       |     6 |    17 ||    23
       Summon Hydra      |       |       |       |       |     2 |    66 ||    68
Evoke: Wand              |       |       |     4 |     4 |    31 |     3 ||    42
       Staff of energy   |       |       |       |       |    44 |   177 ||   221
       Lightning rod     |       |       |       |       |     4 |       ||     4
  Use: Scroll            |       |     3 |     9 |    16 |    28 |     4 ||    60
 Stab: Sleeping          |     1 |     1 |     6 |     7 |    12 |     2 ||    29
       Petrified         |       |       |     4 |     7 |       |     1 ||    12
       Petrifying        |       |       |     2 |       |       |     1 ||     3
       Distracted        |       |       |     1 |     7 |    26 |     3 ||    37
       Confused          |       |       |       |     5 |    38 |    10 ||    53
       Held in net/web   |       |       |       |     1 |       |     1 ||     2
Armor: Leather armour    |    24 |    39 |   110 |   274 |   202 |       ||   649
       Ring mail         |       |       |       |     4 |       |       ||     4
       Troll leather arm |       |       |       |       |   165 |    86 ||   251
Dodge: Dodged            |    45 |    84 |   182 |   574 |   916 |   140 ||  1941
Block: Buckler           |       |       |       |       |    62 |    82 ||   144
       Rpst.: Falchion   |    12 |    17 |     3 |       |       |       ||    32

Table legend:
 A = Spawn XP
 B = Non-spawn XP
 C = Spawn XP percentage of total XP
 D = Spawn monster count
 E = Non-spawn monster count
 F = Spawn count percentage of total count
 G = Total turns spent on level
                    A         B        C        D         E        F      G
               +---------+---------+-------+---------+---------+-------+---------
         Total |     122 |  196388 |   0.1 |       1 |     920 |   0.1 | 51690
               +---------+---------+-------+---------+---------+-------+---------
           D:1 |       0 |      22 |   0.0 |       0 |      15 |   0.0 |   753
           D:2 |       0 |     191 |   0.0 |       0 |      21 |   0.0 |  1272
           D:3 |       0 |      32 |   0.0 |       0 |      18 |   0.0 |  1029
           D:4 |       0 |     653 |   0.0 |       0 |       7 |   0.0 |   969
           D:5 |       0 |    1120 |   0.0 |       0 |      29 |   0.0 |  1254
           D:6 |       0 |    1860 |   0.0 |       0 |      27 |   0.0 |  1094
           D:7 |       0 |    1579 |   0.0 |       0 |      34 |   0.0 |  1094
           D:8 |       0 |    1100 |   0.0 |       0 |      25 |   0.0 |  1093
           D:9 |       0 |    1393 |   0.0 |       0 |      36 |   0.0 |  1353
          D:10 |       0 |    2987 |   0.0 |       0 |      16 |   0.0 |  2403
          D:11 |       0 |    5126 |   0.0 |       0 |      36 |   0.0 |  2045
          D:12 |       0 |    3443 |   0.0 |       0 |      18 |   0.0 |  1409
          D:13 |       0 |    3634 |   0.0 |       0 |      24 |   0.0 |  1354
          D:14 |       0 |   13980 |   0.0 |       0 |      37 |   0.0 |  1041
          D:15 |       0 |   13979 |   0.0 |       0 |      33 |   0.0 |  1629
        Lair:1 |       0 |    4076 |   0.0 |       0 |      24 |   0.0 |  1718
        Lair:2 |       0 |    6281 |   0.0 |       0 |      20 |   0.0 |  2807
        Lair:3 |       0 |    4153 |   0.0 |       0 |      20 |   0.0 |  2243
        Lair:4 |       0 |    5825 |   0.0 |       0 |      29 |   0.0 |  2432
        Lair:5 |       0 |    6586 |   0.0 |       0 |      30 |   0.0 |  2038
        Lair:6 |       0 |    9515 |   0.0 |       0 |      40 |   0.0 |  1634
      Shoals:1 |       0 |    5811 |   0.0 |       0 |      23 |   0.0 |  2350
      Shoals:2 |       0 |   11399 |   0.0 |       0 |      38 |   0.0 |  1963
       Snake:1 |       0 |    5945 |   0.0 |       0 |      17 |   0.0 |  1994
       Snake:2 |       0 |   16333 |   0.0 |       0 |      49 |   0.0 |  1900
       Snake:3 |       0 |    4062 |   0.0 |       0 |       9 |   0.0 |  1614
         Orc:1 |       0 |    4460 |   0.0 |       0 |      38 |   0.0 |  1226
         Orc:2 |       0 |   13386 |   0.0 |       0 |     103 |   0.0 |  2788
         Elf:1 |       0 |   20298 |   0.0 |       0 |      42 |   0.0 |  2563
         Elf:2 |       0 |   15278 |   0.0 |       0 |      33 |   0.0 |  1560
         Elf:3 |       0 |    9876 |   0.0 |       0 |      22 |   0.0 |   274
       Abyss:3 |     122 |     748 |  14.0 |       1 |       3 |  25.0 |    98
           Lab |       0 |    1257 |   0.0 |       0 |       4 |   0.0 |   674
               +---------+---------+-------+---------+---------+-------+---------
